 Dungeon Crawl Stone Soup version 0.28.0-43-g3370ac3207 (webtiles) character file.

Game seed: 1782393005309987655

804 Jerry the Chucker (level 7, -2/62 HPs)
             Began as a Troll Hunter on Mar 29, 2022.
             Was a Believer of the Shining One.
             Asphyxiated
             ... on level 4 of the Dungeon.
             The game lasted 00:13:41 (3835 turns).

Jerry the Chucker (Troll Hunter)                    Turns: 3835, Time: 00:13:42

Health: -2/62      AC:  4    Str: 21    XL:     7   Next: 60%
Magic:  6/6        EV: 10    Int:  9    God:    the Shining One [**....]
Gold:   215        SH:  0    Dex: 10    Spells: 6/6 levels left

rFire   . . .      SeeInvis .   e - +1 whip
rCold   . . .      Faith    .   (no shield)
rNeg    + . .      Spirit   .   b - +0 robe
rPois   .          Reflect  .   (helmet restricted)
rElec   .          Harm     .   q - scarf {+Inv}
rCorr   .          Rampage  .   (gloves unavailable)
Will    .....                   (boots unavailable)
Stlth   +.........              (no amulet)
HPRegen 1.00/turn               (no ring)
MPRegen 0.10/turn               (no ring)

@: lethally poisoned (-2 -> -6), slowed, glowing, very slow
A: large, unfitting armour, claws 3, regeneration 1, shaggy fur 1, tough skin 1
a: Renounce Religion, Evoke Invisibility, Divine Shield


You were on level 4 of the Dungeon.
You worshipped the Shining One.
The Shining One was pleased with you.
You visited 1 branch of the dungeon, and saw 5 of its levels.

You collected 271 gold pieces.
You spent 56 gold pieces at shops.

Inventory:

Hand Weapons
 a - a +0 short sword
 e - a +1 whip (weapon)
 s - a +0 giant spiked club
Missiles
 c - 3 large rocks (quivered)
 d - 2 throwing nets
Armour
 b - a +0 robe (worn)
 q - a scarf of invisibility (worn)
Jewellery
 t - a ring of willpower
Wands
 r - a wand of flame (20)
Scrolls
 f - 2 scrolls of amnesia
 g - a scroll of noise {unknown}
 h - a scroll of enchant weapon
 i - a scroll of teleportation {unknown}
 n - 6 scrolls of identify {unknown}
 o - a scroll of holy word {unknown}
 u - 2 scrolls of blinking
Potions
 j - 2 potions of curing
 k - 3 potions of might {unknown}
 l - a potion of magic {unknown}
 m - a potion of flight {unknown}
 p - a potion of mutation {unknown}
 v - 2 potions of heal wounds {unknown}


   Skills:
 - Level 1.5 Fighting
 * Level 5.2 Maces & Flails
 + Level 5.4 Throwing
 + Level 3.9 Dodging
 - Level 0.3 Stealth


You had 6 spell levels left.
You didn't know any spells.
Your spell library contained the following spells:

 Spells                   Type           Power      Damage    Failure   Level
 Alistair's Intoxication  Tmut/Pois      0%         N/A       100%        5
 Borgnjor's Vile Clutch   Necr/Erth      0%         N/A       100%        5
 Eringya's Noxious Bog    Tmut/Pois      0%         N/A       100%        6


Dungeon Overview and Level Annotations

Branches:
Dungeon (5/15)
 Temple: D:4-7

Altars:
Ashenzari
Dithmenos
Elyvilon
Gozag
Hepliaklqana
Qazlal
Vehumet
The Shining One

Shops:
D:1 :   D:4 [(*!


Innate Abilities, Weirdness & Mutations

You are too large for most types of armour.
You have claws for hands.
Your natural rate of healing is unusually fast.
You are covered in fur. (AC +1)
You have tough skin. (AC +1)


Message History

The curare-tipped dart hits you.
You are more poisoned.
You have difficulty breathing.
You feel yourself slow down.
Throw: 4 large rocks
Press: ? - help, Q - select action, (/) - cycle Shift-Dir - straight line, f - kobold brigand
Aim: a kobold brigand, wielding a +0 short sword and quivering curare-tipped darts (haloed, 69% to hit)
You throw a large rock.
The large rock barely misses the kobold brigand.
The large rock closely misses the kobold brigand.
The large rock completely misses the kobold.
The large rock hits the kobold.
You kill the kobold!
You feel extremely sick.
The kobold brigand hits you with a +0 short sword.
You feel very sick. The kobold brigand barely misses you.
The kobold brigand hits you with a +0 short sword.
* * * LOW HITPOINT WARNING * * *
A mysterious force pulls you upwards. The hatch slams shut behind you.
You feel very sick.
You feel better. The kobold brigand closely misses you.
You barely miss the kobold brigand.
The kobold brigand hits you with a +0 short sword.
You hit the kobold brigand.
The kobold brigand is lightly wounded.
The kobold brigand hits you with a +0 short sword. x2
* * * LOW HITPOINT WARNING * * *
You barely miss the kobold brigand.
The kobold brigand is lightly wounded.
The kobold brigand hits you with a +0 short sword.
* * * LOW HITPOINT WARNING * * *
You hit the kobold brigand but do no damage.
The kobold brigand is lightly wounded.
The kobold brigand hits you with a +0 short sword!
* * * LOW HITPOINT WARNING * * *
The kobold brigand throws a curare-tipped dart.
The curare-tipped dart hits you.
You are poisoned.
You have difficulty breathing.
You die...

.###+##............###≈.∩.≈#.....
##.......#..#...#....#≈≈!≈≈#.....
.+..(....#.###.###...#≈≈.≈≈#.....
.#.......+..#...#....###'###.....
+#............_..................
.....#+##...#...#...########.....
.b...#.....###.###.## #.....
.....#......#..^#..# #.....
.....#..........@.K# #.....
.....#...........### #.....
.....#...........# #.....
.....#'####.########### #...(.
####....###.###..##...## ##....
#..#....'..............# #....
♣P.≈≈...#..............# #....
...≈≈...#...[..........# #....
♣♣PP....#..<#...###...#######..).


You could see a kobold brigand.

Vanquished Creatures
  3 ogres
  A kobold brigand (D:5)
  A water moccasin zombie (D:5)
  2 scorpions
  The ghost of dangdung the Changer, a weakling OpTm (D:3)
  A jelly (D:4)
  A centaur skeleton (D:5)
  An iguana (D:4)
  Ijyb (D:4)
  A howler monkey zombie (D:5)
  2 howler monkey skeletons (D:5)
  A gnoll (D:3)
  4 adders
  A white imp (D:5)
  A worm (D:4)
  3 dart slugs
  9 orcs
  3 endoplasms
  4 giant cockroaches
  5 goblins
  6 hobgoblins
  5 quokkas
  4 ball pythons
  6 bats
  5 frilled lizards
  12 kobolds
  2 rats (D:1)
86 creatures vanquished.

Vanquished Creatures (others)
  6 toadstools (D:5)
6 creatures vanquished.

Grand Total: 92 creatures vanquished

Notes
Turn   | Place    | Note
-------+----------+-------------------------------------------
     0 | D:1      | Jerry the Troll Hunter began the quest for the Orb.
     0 | D:1      | Reached XP level 1. HP: 19/19 MP: 0/0
    27 | D:1      | Found a faded altar of an unknown god.
    36 | D:1      | Prayed at the altar of an unknown god.
    36 | D:1      | Became a worshipper of the Shining One
    36 | D:1      | Reached * piety under the Shining One
    87 | D:1      | Reached XP level 2. HP: 21/27 MP: 1/1
   137 | D:1      | Found Zueh's Book Boutique.
   588 | D:1      | Reached skill level 1 in Maces & Flails
   628 | D:2      | Reached XP level 3. HP: 32/33 MP: 2/2
  1009 | D:3      | Reached ** piety under the Shining One
  1233 | D:3      | Found a hazy altar of Hepliaklqana.
  1234 | D:3      | Found a broken altar of Ashenzari.
  1327 | D:3      | Reached XP level 4. HP: 34/41 MP: 3/3
  1397 | D:3      | Found a runed translucent gate.
  1397 | D:3      | Found a runed translucent gate.
  1399 | D:3      | Found an opulent altar of Gozag.
  1400 | D:3      | Found a runed translucent gate.
  1401 | D:3      | Noticed dangdung's ghost (weakling OpTm)
  2049 | D:4      | Found a white marble altar of Elyvilon.
  2050 | D:4      | Noticed Ijyb
  2056 | D:4      | Killed Ijyb
  2057 | D:4      | Reached XP level 5. HP: 37/48 MP: 4/4
  2062 | D:4      | Found Xakam's Weapon Boutique.
  2082 | D:4      | Found Ezudamar's Assorted Antiques.
  2125 | D:4      | Found a shadowy altar of Dithmenos.
  2155 | D:4      | Noticed an ogre
  2162 | D:4      | Killed an ogre
  2198 | D:4      | Found a stormy altar of Qazlal.
  2200 | D:4      | Noticed an air elemental
  2202 | D:4      | Noticed a fire elemental
  2203 | D:4      | Noticed a water elemental
  2244 | D:4      | Found a radiant altar of Vehumet.
  2265 | D:4      | Reached XP level 6. HP: 45/55 MP: 5/5
  2430 | D:4      | Found Ustrirong's Distillery.
  2436 | D:4      | Bought a potion of curing for 42 gold pieces
  2436 | D:4      | Bought a potion of degeneration for 14 gold pieces
  2608 | D:4      | Found Nush's Antique Armour Emporium.
  2920 | D:3      | Killed dangdung's ghost
  3025 | D:5      | Entered Level 5 of the Dungeon
  3037 | D:5      | The Shining One protects you from harm!
  3039 | D:5      | Reached skill level 5 in Throwing
  3039 | D:5      | Reached XP level 7. HP: 17/62 MP: 6/6
  3670 | D:5      | Reached skill level 5 in Maces & Flails
  3835 | D:4      | Asphyxiated

Illustrated notes

Levels and vault maps discovered:
D:1:      co_arrival_hexagon_in_a_hexagon, layout_basic, serial_shops, shop,
          ebering_ecumenical_altar_webs, st_stairs_14
D:2:      layout_rooms
D:3:      layout_loops_cross, mainiacjoe_overflow_divided_tiny,
          ebering_ghost_gozag
D:4:      layout_gridville, vehumet_crystals, nicolae_qazlal_style_of_elements,
          nicolae_dithmenos_shadow_blocks, nicolae_elyvilon_peaceful_grove,
          serial_shops, kennysheep_little_box, nicolae_shop_statue_plus,
          nicolae_take_the_stairs, nicolae_inconvenience_store, uniq_ijyb
D:5:      cheibrodos_fertilizer, layout_loops_cross, palyth_stone_intersect

Skill      XL: |  1  2  3  4  5  6  7 |
---------------+----------------------+-----
Dodging        | 2 3 |  3.9
Maces & Flails | 1 2 3 4 5 |  5.2
Throwing       | 4 5 |  5.4
Fighting       | |  1.5
Stealth        | |  0.3

Action                   |  1- 3 |  4- 6 |  7- 9 || total
-------------------------+-------+-------+-------++-------
Melee: Short sword       |    20 |       |       ||    20
       Whip              |   114 |   121 |    82 ||   317
       Punch             |       |     3 |     2 ||     5
Throw: Large rock        |     2 |     8 |     2 ||    12
  Use: Scroll            |     6 |       |       ||     6
       Potion            |       |       |     1 ||     1
Armor: Robe              |    65 |    15 |    14 ||    94
Dodge: Dodged            |    97 |    59 |    41 ||   197
